 Dungeon Crawl Stone Soup version 0.31-a0-810-ga77100ea1a (webtiles) character file.

Game seed: 14728522250073027015

8522 Newt the Slicer (level 11, -12/90 HPs)
             Began as a Merfolk Gladiator on Sept 21, 2023.
             Was a High Priest of Okawaru.
             Mangled by a centaur warrior simulacrum (21 damage)
             ... on level 10 of the Dungeon.
             The game lasted 00:12:49 (10355 turns).

Newt the Slicer (Merfolk Gladiator)                Turns: 10355, Time: 00:12:49

Health: -12/90     AC: 16    Str: 19    XL:     11   Next: 32%
Magic:  0/11       EV: 13    Int: 11    God:    Okawaru [*****.]
Gold:   435        SH:  0    Dex: 18    Spells: 10/10 levels left

rFire   . . .        H - +8 dagger of the Shoals {venom, rPois Str-3 Int+3}
rCold   . . .        (no shield)
rNeg    . . .        x - +5 scale mail
rPois   +            c - +0 helmet
rElec   .            j - +0 cloak
rCorr   .            (no gloves)
SInv    .            F - +0 pair of boots
Will    .....        s - amulet of guardian spirit Stlth
                     n - +6 ring of strength
HPRegen 0.35/turn    E - ring of flight
MPRegen 0.12/turn

%: guardian spirit
@: flying
A: (nimble swimmer 2), mertail
a: Renounce Religion, Heroism, Finesse, Duel


You were on level 10 of the Dungeon.
You worshipped Okawaru.
Okawaru was extremely pleased with you.
You visited 2 branches of the dungeon, and saw 11 of its levels.
You also visited: Sewer.

You collected 637 gold pieces.
You spent 202 gold pieces at shops.

Inventory:

Hand Weapons
 a - a +0 trident
 i - a +4 falchion
 H - the +8 dagger of the Shoals (weapon) {venom, rPois Str-3 Int+3}
   (You found it on level 6 of the Dungeon)

   Str-3:     It affects your strength (-3).
   Int+3:     It affects your intelligence (+3).
   rPois:     It protects you from poison
Missiles
 e - 10 javelins
 v - 26 poisoned darts
 A - a throwing net
 C - 12 boomerangs
 D - 5 silver javelins
Armour
 b - a +0 leather armour
 c - a +0 helmet (worn)
 j - a +0 cloak (worn)
 x - a +5 scale mail (worn)
 F - a +0 pair of boots (worn)
Jewellery
 n - a +6 ring of strength (left hand)
 s - an amulet of guardian spirit (around neck)
 E - a ring of flight (right hand)
 I - a +6 ring of strength
Wands
 d - a wand of flame (29)
 l - a wand of charming (11)
 y - a wand of roots (22)
 J - a wand of acid (1)
Scrolls
 g - 3 scrolls of fear
 o - a scroll of fog
 p - a scroll of noise
 r - a scroll of vulnerability
 t - 2 scrolls of teleportation
 B - 2 scrolls of identify {unknown}
 G - a scroll of poison
 K - 2 scrolls of enchant armour
 M - a scroll of revelation
 N - a scroll of enchant weapon {unknown}
Potions
 f - 4 potions of haste {unknown}
 h - 2 potions of cancellation {unknown}
 m - 3 potions of enlightenment {unknown}
 q - 3 potions of curing
 u - 2 potions of resistance {unknown}
 w - a potion of might {unknown}
 z - 4 potions of attraction {unknown}
 L - a potion of berserk rage {unknown}


   Skills:
 - Level 10.0 Fighting
 - Level 10.2(12.0) Short Blades
 - Level 10.1(11.9) Long Blades
 - Level 4.0 Polearms
 - Level 2.0 Throwing
 - Level 5.0 Armour
 - Level 7.0 Dodging
 + Level 3.2 Evocations


You had 10 spell levels left.
You didn't know any spells.
Your spell library contained the following spells:

 Spells                   Type           Power      Damage    Failure   Level
 Cigotuvi's Dreadful Rot  Necr/Pois/Air  0%         N/A       83%         2
 Ensorcelled Hibernation  Hex/Ice        0%         N/A       83%         2
 Passwall                 Tmut/Erth      0%         N/A       83%         2
 Sublimation of Blood     Necr           0%         N/A       83%         2
 Dazzling Flash           Conj/Hex       0%         N/A       96%         3
 Ignite Poison            Fire/Tmut/Pois 0%         N/A       96%         3
 Swiftness                Air            0%         N/A       96%         3
 Volatile Blastmotes      Fire/Tloc      0%         2d10      96%         3
 Petrify                  Tmut/Erth      0%         N/A       100%        4
 Freezing Cloud           Conj/Ice/Air   0%         6-21      100%        5
 Irradiate                Conj/Tmut      0%         3d11      100%        5
 Starburst                Conj/Fire      0%         6d3       100%        6
 Orb of Destruction       Conj           0%         9d5       100%        7
 Maxwell's Capacitive Co  Air            0%         ∞         100%        8
 Summon Guardian Golem    Hex/Summ       Unusable   N/A       N/A         3
 Malign Gateway           Summ/Tloc      Unusable   N/A       N/A         7
 Spellforged Servitor     Conj/Summ      Unusable   N/A       N/A         7
 Summon Horrible Things   Summ           Unusable   N/A       N/A         8

Dungeon Overview and Level Annotations

Branches:
Dungeon (10/15)            Temple (1/1) D:6            Lair (0/5) D:9
  Sewer (visited)
    Orc: D:9-12

Altars:
Ashenzari
Cheibriados
Dithmenos
Elyvilon
Fedhas
Gozag
Hepliaklqana
Kikubaaqudgha
Makhleb
Nemelex Xobeh
Okawaru
Qazlal
Ru
Uskayaw
Vehumet
Wu Jian
Xom
Zin
The Shining One

Shops:
D:3 (!   D:6 *


Innate Abilities, Weirdness & Mutations

((You are very nimble when in or above water. (Stealth+, EV+, Speed+++)))
Your lower body shifts to a powerful aquatic tail in water.


Message History

The ogre is moderately wounded.
Lodul closely misses you.
Unknown command.
You puncture Lodul!
You kill Lodul!
Okawaru accepts your kill. The ogre barely misses you.
Your Evocations skill gained 2 levels and is now at level 3!
Unknown command.
You hit the ogre.
The ogre is heavily wounded.
Unknown command.
You barely miss the ogre.
The ogre is moderately wounded.
The ogre hits you but does no damage.
Unknown command.
You puncture the ogre!
The ogre looks as sick as possible!
The ogre is almost dead.
The ogre closely misses you.
Unknown command.
You hit the ogre.
The ogre is poisoned.
The ogre is lightly wounded.
The ogre closely misses you.
The centaur warrior simulacrum hits you but does no damage.
The centaur warrior simulacrum kicks you.
The centaur warrior simulacrum freezes you!
* * * LOW HITPOINT WARNING * * *
You hit the ogre.
The ogre looks as sick as possible!
The ogre is heavily wounded.
You kill the ogre!
Okawaru accepts your kill. The ogre hits you with a +0 giant club!
* * * LOW HITPOINT WARNING * * *
Unknown command.
You hit the ogre.
The ogre looks as sick as possible!
The ogre is moderately wounded.
The centaur warrior simulacrum hits you!
* * * LOW HITPOINT WARNING * * *
The centaur warrior simulacrum freezes you!!
You die...

#......## ..##. #...###..#
..#.. #....##...## #.....
#...###.....## #...... .
...###.......##....... .
..##.................. .
.##..........(.......# #
##...#####†Z#........# #
##..### #O@###..!...## #
#..## ##)O# #......# # ##..#
##.O#####....... ##
##...####...............
.####.....##..#..).#........
.##....##.......##.# .......
.....#####...)..# ..#.......
...### #......# .#..#####
..## #......... .


You could see 3 ogres and a centaur warrior simulacrum.

Vanquished Creatures
  A two-headed ogre (D:10)
  Amaemon (D:8)
  Lodul (D:10)
  Pikel (D:7)
  Maurice (D:9)
  An orange demon (D:8)
  2 trolls (D:9)
  A hornet (D:7)
  3 yaks (D:9)
  A wyvern (D:9)
  A steam dragon (D:6)
  Menkaure (D:4)
  4 vampire mosquitoes (D:9)
  An acid dragon (D:9)
  Duvessa (D:4)
  A sky beast (D:7)
  An ice beast (D:8)
  2 orc warriors (D:7)
  3 black bears
  A wolf (D:10)
  3 ogres (D:10)
  3 centaurs
  4 kobold brigands
  2 bullfrogs
  A gnoll sergeant (D:8)
  3 scorpions
  Dowan (D:4)
  7 killer bees
  6 howler monkeys (D:10)
  4 hounds
  5 orc priests
  Crazy Yiuf (D:6)
  4 jellies
  3 sleepcaps
  6 iguanas
  Ijyb (D:4)
  8 orc wizards
  A centaur simulacrum (D:10)
  13 gnolls
  10 adders
  3 river rats (Sewer)
  A shadow imp (D:7)
  An ufetubus (D:5)
  A worm (D:5)
  28 orcs
  4 endoplasms
  2 giant cockroaches
  6 goblins
  6 hobgoblins
  2 jackals (Sewer)
  11 kobolds
  2 quokkas
  5 ball pythons
  8 bats
  5 frilled lizards
  8 rats
208 creatures vanquished.

Notes
Turn   | Place    | Note
-------+----------+-------------------------------------------
     0 | D:1      | Newt the Merfolk Gladiator began the quest for the Orb.
     0 | D:1      | Reached XP level 1. HP: 16/16 MP: 1/1
   268 | D:1      | Reached XP level 2. HP: 20/23 MP: 2/2
   884 | D:2      | Reached XP level 3. HP: 30/30 MP: 3/3
   960 | D:2      | Reached XP level 4. HP: 35/37 MP: 4/4
  1111 | D:2      | Found a faded altar of an unknown god.
  1541 | D:3      | Found Jaehom's Magic Scroll Boutique.
  1613 | D:3      | Found Viovoetz's Weapon Shoppe.
  1706 | D:3      | Found Ker Hoto's Distillery.
  1728 | D:3      | Bought 2 potions of curing for 66 gold pieces
  1773 | D:3      | Reached XP level 5. HP: 42/42 MP: 5/5
  2121 | D:3      | Bought 2 potions of heal wounds for 110 gold pieces
  2143 | D:4      | Found a blossoming altar of Fedhas.
  2182 | D:4      | Found a radiant altar of Vehumet.
  2198 | D:4      | Found a glowing drain.
  2215 | Sewer    | Entered a sewer
  2316 | Sewer    | Reached skill level 5 in Long Blades
  2363 | Sewer    | Noticed a kobold brigand
  2378 | Sewer    | Killed a kobold brigand
  2379 | Sewer    | Reached XP level 6. HP: 28/48 MP: 4/6
  2755 | Sewer    | Reached XP level 7. HP: 47/54 MP: 7/7
  3091 | D:4      | Noticed Menkaure
  3100 | D:4      | Killed Menkaure
  3229 | D:4      | Noticed Ijyb
  3246 | D:4      | Killed Ijyb
  3456 | D:4      | Reached skill level 5 in Dodging
  3646 | D:4      | Noticed Duvessa
  3647 | D:4      | Noticed Dowan
  3678 | D:4      | Killed Duvessa
  3680 | D:4      | Killed Dowan
  3971 | D:5      | Entered Level 5 of the Dungeon
  4009 | D:5      | Reached XP level 8. HP: 45/60 MP: 8/8
  4224 | D:5      | Reached skill level 5 in Fighting
  5083 | D:6      | Found a runed translucent door.
  5084 | D:6      | Noticed Crazy Yiuf
  5092 | D:6      | Killed Crazy Yiuf
  5539 | D:6      | Found Zeun's Assorted Antiques.
  5544 | D:6      | Bought a scroll labelled ZETTIW GOXU for 26 gold pieces
  5655 | D:6      | Reached XP level 9. HP: 69/72 MP: 9/9
  5946 | D:6      | Identified the +8 dagger of the Shoals {venom, rPois Str-3
                  | Int+3}
  6132 | D:6      | Reached skill level 10 in Long Blades
  6157 | D:6      | Found a staircase to the Ecumenical Temple.
  6265 | Temple   | Entered the Ecumenical Temple
  6279 | Temple   | Became a worshipper of Warmaster Okawaru
  6420 | D:7      | You are sucked into a shaft and drop 2 floors!
  6438 | D:9      | Noticed Maurice
  6445 | D:9      | Noticed a troll
  6449 | D:9      | Reached skill level 1 in Short Blades
  6449 | D:9      | Noticed a two-headed ogre
  6449 | D:9      | Maurice stole 5 silver javelins
  6455 | D:9      | Killed Maurice
  6455 | D:9      | Reached * piety under Okawaru
  6476 | D:8      | Reached skill level 5 in Short Blades
  6869 | D:8      | Found an ancient bone altar of Kikubaaqudgha.
  6870 | D:8      | Found a hide-covered altar of Uskayaw.
  7170 | D:8      | Noticed Amaemon
  7171 | D:8      | Noticed an orange demon
  7204 | D:8      | Killed Amaemon
  7204 | D:8      | Reached ** piety under Okawaru
  7205 | D:8      | Reached XP level 10. HP: 22/79 MP: 4/10
  7211 | D:8      | Killed an orange demon
  7212 | D:8      | Reached skill level 10 in Short Blades
  7693 | D:7      | Noticed Pikel
  7709 | D:7      | Killed Pikel
  7709 | D:7      | Reached *** piety under Okawaru
  8866 | D:7      | Found a shimmering altar of Xom.
  9046 | D:10     | Entered Level 10 of the Dungeon
  9053 | D:10     | Killed a two-headed ogre
  9053 | D:10     | Reached **** piety under Okawaru
  9054 | D:10     | Reached skill level 5 in Armour
  9354 | D:9      | Found a staircase to the Lair.
  9720 | D:9      | Reached XP level 11. HP: 74/87 MP: 8/11
  9982 | D:9      | Reached ***** piety under Okawaru
 10274 | D:10     | Reached skill level 10 in Fighting
 10304 | D:10     | Noticed Lodul
 10314 | D:10     | Reached skill level 1 in Evocations
 10349 | D:10     | Killed Lodul
 10355 | D:10     | Mangled by a centaur warrior simulacrum

Illustrated notes

Levels and vault maps discovered:
D:1:      dpeg_arrival_pits, layout_loops_ring, grunt_decor_resistance,
          st_stairs_8, nicolae_titane
D:2:      layout_basic, shapermc_ecumenical_altar_notcrosses,
          minmay_misc_feat_hallway, chequers_serial_rivers_marsh,
          minmay_surrounded
D:3:      layout_loops_cross, serial_shops, nicolae_shop_just_a_little_nook,
          nicolae_shop_real_fake_doors, nicolae_shop_window_shopping
D:4:      layout_loops_ring, mainiacjoe_overflow_concentric_impassable,
          vehumet_crystals, cheibrodos_sewer_entry_drain, uniq_menkaure,
          uniq_ijyb, uniq_duvessa
D:5:      layout_basic
D:6:      layout_loops_corners, temple_hall, serial_shops, shop, st_stairs_3,
          uniq_crazy_yiuf_cottage
D:7:      layout_loops_corners, tgw_xom, uniq_pikel
D:8:      layout_loops_ring, mainiacjoe_overflow_catwalk_spiral, uniq_amaemon
D:9:      wander_river, layout_long_grid, dpeg_oklobed_lair, uniq_maurice
D:10:     layout_layer_cave, nicolae_yredelemnul_corpse_copse,
          nzn_overflow_gifts_of_might_and_magic, serial_ice, serial_ice_a,
          serial_ice_g, serial_ice_f, serial_ice_c, serial_ice_o, serial_ice_i,
          serial_ice_e, uniq_lodul
Temple:   nicolae_temple_bog_church

Skill      XL: |  1  2  3  4  5  6  7  8  9 10 11 |
---------------+----------------------------------+-----
Fighting       | 3 4 7 8 10 | 10.0
Long Blades    | 2 3 6 7 8 9 10 | 10.1
Dodging        | 7 |  7.0
Short Blades   | 9 10 | 10.2
Armour         | 5 |  5.0
Evocations     | 3 |  3.2
Polearms       | |  4.0
Throwing       | |  2.0

Action                     |  1- 3 |  4- 6 |  7- 9 | 10-12 || total
---------------------------+-------+-------+-------+-------++-------
  Melee: Trident           |    27 |       |       |       ||    27
         Falchion          |    24 |   141 |   213 |       ||   378
         Punch             |     1 |       |     7 |     6 ||    14
         Tailslap          |       |     5 |       |       ||     5
         Dagger            |       |       |   136 |   348 ||   484
  Throw: Throwing net      |       |       |     5 |     1 ||     6
         Javelin           |       |       |     1 |       ||     1
 Invoke: Heroism           |       |       |       |     1 ||     1
  Evoke: Wand              |       |       |     2 |       ||     2
    Use: Scroll            |       |     3 |     9 |       ||    12
         Potion            |       |       |     3 |     3 ||     6
   Stab: Sleeping          |     1 |       |     1 |       ||     2
         Held in net/web   |       |       |     3 |       ||     3
 Armour: Leather armour    |    20 |    64 |    12 |       ||    96
         Scale mail        |       |       |   239 |   185 ||   424
  Dodge: Dodged            |    24 |   108 |   227 |   201 ||   560

Table legend: (Time is in decaauts)
 A = Elapsed time spent in this place.
 B = Non-inter-level travel time spent in this place.
 C = Inter-level travel time spent in this place.
 D = Time resting spent in this place.
 E = Time spent auto-exploring this place.
 F = Levels seen in this place.
 G = Mean time per level.
                   A        B        C        D        E       F      G
               +--------+--------+--------+--------+--------+-----+--------+
         Total |   9972 |   9441 |    531 |   1495 |   6537 |  12 |  831.0 |
       Dungeon |   9186 |   8682 |    504 |   1373 |   6070 |  10 |  918.6 |
        Temple |     27 |      1 |     26 |      0 |      0 |   1 |   27.0 |
         Sewer |    758 |    758 |      0 |    122 |    467 |   1 |  758.0 |
               +--------+--------+--------+--------+--------+-----+--------+

Top non-repeatable levels by time:
     D:6: 1392 daAuts
     D:7: 1305 daAuts
     D:8: 1137 daAuts
     D:9: 1085 daAuts
     D:5: 1005 daAuts
     D:4: 970 daAuts
     D:1: 872 daAuts
   Sewer: 758 daAuts
     D:3: 645 daAuts
     D:2: 620 daAuts
    D:10: 152 daAuts
  Temple: 27 daAuts
